 Dungeon Crawl Stone Soup version 0.17-a0-1115-g0372368 (console) character file.

23 Monkaria the Skirmisher (level 2, -1/25 HPs)
             Began as a Demonspawn Chaos Knight on May 23, 2015.
             Slain by Ijyb (6 damage)
             ... on level 2 of the Dungeon.
             The game lasted 00:01:14 (549 turns).

Monkaria the Skirmisher (Demonspawn Chaos Knight)    Turns: 549, Time: 00:01:14

Health: -1/25      AC:  5    Str: 12    XL:     2   Next: 72%
Magic:  2/2        EV: 16    Int: 13    God:    Xom [...*..]
Gold:   51         SH:  0    Dex: 22    Spells: 0 memorised, 1 level left

rFire  . . .     SeeInvis .     a - +0 falchion (chaos)
rCold  . . .     Clarity  .     b - +2 leather armour
rNeg   . . .     SustAt   .     (no shield)
rPois  .         Gourm    .     (helmet restricted)
rElec  .         Spirit   .     (no cloak)
rCorr  .         Warding  .     (no gloves)
rMut   .         Stasis   .     (no boots)
MR     .....                    (no amulet)
Stlth  +++.......               (no ring)
                                d - +5 ring of dexterity

@: agile, not resistant to hostile enchantments, fairly stealthy
A: horns 1
a: Renounce Religion


You were on level 2 of the Dungeon.
You worshipped Xom.
You were a favourite toy of Xom.
You were not hungry.

You visited 1 branch of the dungeon, and saw 2 of its levels.

You collected 51 gold pieces.

Inventory:

Hand weapons
 a - a +0 falchion of chaos (weapon)
Armour
 b - a +2 leather armour (worn)
 m - a +1 scale mail of fire resistance
Jewellery
 d - a +5 ring of dexterity (left hand)
Scrolls
 e - a scroll of magic mapping {unknown}
 f - a scroll of remove curse {unknown}
 i - a scroll of blinking {unknown}
 l - a scroll of identify {unknown}
Potions
 g - a potion of cancellation {unknown}
 h - 2 potions of brilliance {unknown}
 k - 2 potions of ambrosia {unknown}
 n - a potion of degeneration {unknown}
Comestibles
 c - a bread ration
 j - a chunk of flesh


   Skills:
 - Level 4.0 Fighting
 - Level 2.6 Long Blades
 + Level 1.9 Armour
 - Level 0.8 Dodging


You had one spell level left.
You didn't know any spells.

Dungeon Overview and Level Annotations

Branches:
Dungeon (2/15)

Altars:

Annotations:
D:2 Ijyb


Innate Abilities, Weirdness & Mutations

You have a pair of small horns on your head.


Message History

You are too injured to fight recklessly!
You are too injured to fight recklessly!
You are too injured to fight recklessly!
You are too injured to fight recklessly!
You are too injured to fight recklessly!
You are too injured to fight recklessly!
Unknown command.
You hit Ijyb. You freeze Ijyb. You headbutt Ijyb, but do no damage.
Ijyb is moderately wounded.
Xom smirks.
You feel aware of your surroundings.
You sensed 1 altar.
You are now a favourite toy of Xom.
Ijyb misses you.
You hit Ijyb.
Your hair stands on end.
You headbutt Ijyb, but do no damage.
Ijyb is severely wounded.
Ijyb hits you but does no damage.
You closely miss Ijyb. You headbutt Ijyb, but do no damage.
Ijyb is severely wounded.
Ijyb looks more healthy.
Ijyb hits you.
You die...

*,,* *,*,*,,,***** ,,*,*,,,
,,,, *,** * ,,** +*,*,#+,**,
** ,,,,, * ,*
*,*,,*##,,*,.### ,* * ,***
**,,*,*** ,,..###...,, * ,*
**** * * *###...... ** *,* *,
,, ,* ##...#..., ,* * **,*,*
#.......##### *,* *,**,
,*##....g...##<## , *,**,*
*.......@.##...##### ,* ,* ,,
.........#..†.......,*
,****,*..............######**
*,,, ,,*##...?.#####.## ****
** #.....* ### ##...# ####*


You could see Ijyb.

Vanquished Creatures
  3 goblins (D:1)
  4 hobgoblins
  2 bats (D:1)
  A giant cockroach (D:1)
  A giant newt (D:1)
  4 jackals (D:1)
  4 kobolds (D:1)
  2 rats (D:1)
21 creatures vanquished.

Notes
Turn   | Place    | Note
--------------------------------------------------------------
     0 | D:1      | Monkaria the Demonspawn Chaos Knight began the quest for the Orb.
     0 | D:1      | Reached XP level 1. HP: 18/18 MP: 1/1
   256 | D:1      | XOM: colour smoke trail
   364 | D:1      | Gained mutation: You have a pair of small horns on your head. [demonic ancestry]
   364 | D:1      | Reached XP level 2. HP: 17/24 MP: 2/2
   451 | D:1      | Reached skill level 4 in Fighting
   537 | D:2      | Noticed Ijyb
   544 | D:2      | XOM: potion effect (agility)
   547 | D:2      | XOM: divination: magic mapping
   549 | D:2      | Slain by Ijyb

Vault maps used:
D:1:      ncdulo_smallfort
D:2:      fedhas_altar_fruit_tree, lemuel_crystal_altar,
          nemelex_spade_bored_becter, uniq_iyjb, uniq_natasha

Action                   || total
-------------------------++-------
Melee: Falchion          ||    72
